 Dungeon Crawl Stone Soup version 0.27-a0-1529-g1e82c303ef (webtiles) character file.

Game seed: 5668175261308875506

51 Lanoc the Skirmisher (level 4, 0/35 HPs)
             Began as a Djinni Chaos Knight on July 11, 2021.
             Was a Plaything of Xom.
             Slain by a blink frog (shapeshifter) (7 damage)
             ... on level 2 of the Dungeon.
             The game lasted 00:01:31 (1034 turns).

Lanoc the Skirmisher (Djinni Chaos Knight)          Turns: 1034, Time: 00:01:32

Health: 0/35       AC:  7    Str:  9 (11) XL:     4   Next: 7%
Gold:   55         EV: 11    Int: 12 (14) God:    Xom [.....*] SH:  0 Dex: 11 (13)

rFire    + + .     SeeInvis .   a - +0 mace (chaos)
rCold    x . .     Faith    .   (no shield)
rNeg     . . .     Spirit   .   b - +2 leather armour
rPois    ∞         Reflect  .   (no helmet)
rElec    .         Harm     .   (no cloak)
rCorr    .         Rampage  .   f - +1 pair of gloves
Will     .....                  (boots unavailable)
Stlth    +.........             (no amulet)
HPRegen  0.11/turn              (no ring)
MPRegen  0.00/turn              (no ring)

@: on berserk cooldown, flying, slowed, very slow
A: sickness immunity, fire resistance 2, cold vulnerability 1, float, innate
caster, hp casting, extra vitality 1
a: Renounce Religion


You were on level 2 of the Dungeon.
You worshipped Xom.
You were Xom's teddy bear.
You visited 1 branch of the dungeon, and saw 2 of its levels.

You collected 55 gold pieces.

Inventory:

Hand Weapons
 a - a +0 mace of chaos (weapon)
Armour
 b - a +2 leather armour (worn)
 f - a +1 pair of gloves (worn)
Scrolls
 e - a scroll of immolation {unknown}
 g - a scroll of noise {unknown}


   Skills:
 + Level 3.3 Fighting
 * Level 3.0 Maces & Flails
 + Level 1.7 Armour
 + Level 2.7 Dodging


You had 2 spell levels left.
You knew the following spells:

 Your Spells              Type           Power      Damage    Failure   Level
h - Beastly Appendage     Tmut           0%         N/A       41%         1
Your spell library was empty.

Dungeon Overview and Level Annotations

Branches:
Dungeon (2/15)

Altars:


Innate Abilities, Weirdness & Mutations

You are immune to sickness and miasma.
You are immune to poison.
Your flesh is very heat resistant. (rF++)
You are vulnerable to cold. (rC-)
You float through the air rather than walking.
You learn spells naturally, not from books.
Your magical power is your life essence.
You have superior vitality. (+4 HP)


Message History

"Hum-dee-hum-dee-hum..."
The shapeshifter looks momentarily different.
The shapeshifter changes into a queen bee!
A queen bee is nearby!
You closely miss the queen bee.
The queen bee is moderately wounded.
The queen bee stings you!
You hit the queen bee. You freeze the queen bee.
The queen bee is moderately wounded.
The queen bee stings you.
You are too injured to fight recklessly!
You are too injured to fight recklessly!
It was a potion of degeneration.
There was something very wrong with that liquid.
You feel weakened.
You feel dopey.
You feel clumsy.
The queen bee changes into a spriggan!
It was a potion of berserk rage.
A red film seems to cover your vision as you go berserk!
You feel yourself moving faster!
You feel mighty!
You closely miss the spriggan.
The spriggan changes into a blink frog!
You sock the blink frog!
The blink frog is poisoned.
The blink frog is moderately wounded.
The blink frog barely misses you.
You closely miss the blink frog.
The blink frog is moderately wounded.
The blink frog hits you.
You closely miss the blink frog.
The blink frog is heavily wounded.
The blink frog barely misses you.
The blink frog blinks!
You feel a strong urge to attack something.
You are no longer berserk.
You are exhausted.
You feel yourself slow down.
You miss the blink frog.
The blink frog is heavily wounded.
The blink frog hits you!
* * * LOW HITPOINT WARNING * * *
The blink frog hits you!
You die...
Xom chortles!

# ...#.## #.
......## #.
#....#.###
#...........
#.#....#.#
#......####
#####F#.......
# #...§@...#
##.
###.###..###
... .........#
#. #######.##
## #.#
#########.#
#.........#
#.#########
#.#


You could see a blink frog shaped shifter (very poisoned).

Vanquished Creatures
  An adder (D:2)
  2 worms (D:2)
  3 endoplasms
  A giant cockroach (D:1)
  4 goblins
  2 hobgoblins (D:1)
  6 jackals
  3 quokkas (D:1)
  4 bats
  A frilled lizard (D:2)
  2 kobolds
  4 rats
33 creatures vanquished.

Notes
Turn   | Place    | Note
-------+----------+-------------------------------------------
     0 | D:1      | Lanoc the Djinni Chaos Knight began the quest for the Orb.
     0 | D:1      | Reached XP level 1. HP: 20/20 MP: 0/0
    41 | D:1      | Reached XP level 2. HP: 18/25 MP: 0/0
   312 | D:1      | XOM: silly message
   313 | D:1      | XOM: silly message
   527 | D:1      | Reached XP level 3. HP: 30/30 MP: 0/0
   527 | D:1      | Learned a level 1 spell: Beastly Appendage
   873 | D:2      | XOM: cast spell 'Leda's Liquefaction'
   995 | D:2      | Reached XP level 4. HP: 35/35 MP: 0/0
  1022 | D:2      | Noticed a shapeshifter
  1022 | D:2      | an adder changed into a shapeshifter
  1022 | D:2      | XOM: polymorph shapeshifter -> shapeshifter
  1022 | D:2      | Noticed a queen bee
  1022 | D:2      | a shapeshifter changed into a queen bee
  1025 | D:2      | Noticed a spriggan
  1025 | D:2      | a queen bee changed into a spriggan
  1027 | D:2      | Noticed a blink frog
  1027 | D:2      | a spriggan changed into a blink frog
  1034 | D:2      | Slain by a blink frog (shapeshifter)

Illustrated notes

Levels and vault maps discovered:
D:1:      giann_bridges, layout_basic
D:2:      wander_river, layout_loops_ring

Skill      XL: |  1  2  3 |
---------------+----------+-----
Maces & Flails | 3 |  3.0
Fighting       | |  3.3
Armour         | |  1.7
Dodging        | |  2.7

Action                   |  1- 3 |  4- 6 || total
-------------------------+-------+-------++-------
Melee: Mace              |    97 |    16 ||   113
 Cast: Beastly Appendage |     2 |       ||     2
  Use: Potion            |       |     2 ||     2
Armor: Leather armour    |    51 |     1 ||    52
Dodge: Dodged            |    88 |    11 ||    99

Table legend: (Time is in decaauts)
 A = Elapsed time spent in this place.
 B = Non-inter-level travel time spent in this place.
 C = Inter-level travel time spent in this place.
 D = Time resting spent in this place.
 E = Time spent auto-exploring this place.
 F = Levels seen in this place.
 G = Mean time per level.
                   A        B        C        D        E       F      G
               +--------+--------+--------+--------+--------+-----+--------+
         Total |   1062 |   1051 |     11 |      0 |    810 |   2 |  531.0 |
       Dungeon |   1062 |   1051 |     11 |      0 |    810 |   2 |  531.0 |
               +--------+--------+--------+--------+--------+-----+--------+

Top non-repeatable levels by time:
     D:1: 701 daAuts
     D:2: 360 daAuts
